[Event "Titled Tuesday Blitz June 6 Early 2023"]
[White "Porat, Tori"]
[Black "Mogirzan, Matei-Valeriu"]
[WhiteFideId "30982626"]
[BlackFideId "1257455"]
[WhiteElo "1752"]
[BlackElo "1733"]
[Result "0-1"]
[Round "2"]
[TimeControl "180+2"]
[Date "2023.06.06"]
[WhiteClock "0:00:08"]
[BlackClock "0:00:04"]
[Board "210"]

1. d4 Nf6 2. c4 e6 3. Nf3 c5 4. e3 d5 5. Nc3 Nc6 6. cxd5 exd5 7. dxc5 Bxc5 8. Bb5 a6 9. Ba4 Be6 10. O-O Qc7 11. a3 b5 12. Bb3 Rd8 13. Ng5 Bg4 14. f3 h6 15. Nxf7 Qxf7 16. fxg4 Qe6 17. h3 O-O 18. Qe2 Qe5 19. Rf3 Kh8 20. Bd2 Bd6 21. g3 d4 22. Nd1 Ne4 23. Rf4 Nxg3 24. Qg2 g5 25. Rxf8+ Rxf8 26. Nf2 dxe3 27. Rf1 Nxf1 28. Qxf1 Qh2# 0-1


[Site "https://www.chess.com"]

[Event "Titled Tuesday Blitz June 6 Early 2023"]
[White "Skiadopoulos, Nikolaos"]
[Black "kuanysh1981"]
[WhiteFideId "4200772"]
[WhiteElo "2022"]
[BlackElo "2417"]
[Result "0-1"]
[Round "2"]
[TimeControl "180+2"]
[Date "2023.06.06"]
[WhiteClock "0:00:19"]
[BlackClock "0:01:44"]
[Board "211"]

1. e4 c5 2. b4 cxb4 3. a3 d5 4. exd5 Qxd5 5. Nf3 Bg4 6. c4 bxc3 7. Nxc3 Qe6+ 8. Qe2 Qxe2+ 9. Bxe2 Nc6 10. O-O O-O-O 11. h3 Bh5 12. g4 Bg6 13. a4 Nf6 14. a5 a6 15. Na4 e6 16. Nb6+ Kb8 17. Ba3 Bd3 18. Rfe1 Bxe2 19. Rxe2 Rd3 20. Bxf8 Rxf8 21. Kg2 Rfd8 22. Re3 h6 23. Ra3 Rxa3 24. Rxa3 Nd5 25. d4 Nxa5 26. Rxa5 Nxb6 27. g5 hxg5 28. Rxg5 g6 29. h4 Rd7 30. h5 gxh5 31. Rxh5 Nd5 32. Ne5 Rc7 33. Rh8+ Ka7 34. Rf8 f6 35. Nd3 b6 36. Kf3 a5 37. Ke4 a4 38. Re8 a3 39. Rxe6 Nc3+ 40. Ke3 a2 0-1


[Site "https://www.chess.com"]

[Event "Titled Tuesday Blitz June 6 Early 2023"]
[White "Lima, Kleyton Alcantara"]
[Black "Butolo, Alexandru-Mircea"]
[WhiteFideId "22718397"]
[BlackFideId "1261649"]
[WhiteElo "2009"]
[BlackElo "1850"]
[Result "1-0"]
[Round "2"]
[TimeControl "180+2"]
[Date "2023.06.06"]
[WhiteClock "0:00:05"]
[BlackClock "0:00:11"]
[Board "212"]

1. d4 Nf6 2. c4 e6 3. g3 d5 4. Bg2 Bb4+ 5. Bd2 Be7 6. Nf3 O-O 7. O-O c6 8. Qc2 Nbd7 9. b3 a5 10. Nc3 b6 11. e4 Ba6 12. e5 Ne8 13. Bf4 dxc4 14. Rfd1 cxb3 15. axb3 Nc7 16. Ne4 Nd5 17. Bg5 h6 18. Bxe7 Qxe7 19. Nd6 c5 20. dxc5 Nxc5 21. Nh4 Rac8 22. Nxc8 Rxc8 23. Qb2 Nd3 24. Qa3 N5b4 25. Qa4 Qc5 26. Rd2 Bb5 27. Qa3 Qc3 28. Rad1 Qxe5 29. Nf3 Qc5 30. Qa1 e5 31. Bf1 e4 32. Nd4 Ba6 33. Bxd3 Nxd3 34. Nc2 e3 35. Nxe3 Bb7 36. Rxd3 Qc6 37. Nd5 1-0


[Site "https://www.chess.com"]

[Event "Titled Tuesday Blitz June 6 Early 2023"]
[White "Tejedor Fuente, Enrique"]
[Black "Nihal Sarin"]
[WhiteFideId "2299100"]
[BlackFideId "25092340"]
[WhiteElo "2496"]
[BlackElo "2689"]
[Result "0-1"]
[Round "3"]
[TimeControl "180+2"]
[Date "2023.06.06"]
[WhiteClock "0:00:03"]
[BlackClock "0:00:09"]
[Board "1"]

1. d4 Nf6 2. Nf3 d5 3. e3 c5 4. dxc5 e6 5. c4 Bxc5 6. Nc3 O-O 7. a3 Nc6 8. b4 Bd6 9. Bb2 Qe7 10. Be2 dxc4 11. Bxc4 a6 12. Qe2 Ne5 13. Nxe5 Bxe5 14. O-O b5 15. Bd3 Bb7 16. f4 Bc7 17. Rac1 Rad8 18. e4 Bb6+ 19. Kh1 h5 20. e5 Ng4 21. Be4 Be3 22. Rc2 Nxh2 23. Bh7+ Kxh7 24. Qxh5+ Kg8 25. Kxh2 f5 26. Nd1 Bb6 27. Nf2 Qf7 28. Qxf7+ Kxf7 29. Nh3 Rh8 30. Rfc1 Be4 31. Rc6 Rd2 32. Rc7+ Bxc7 33. Rxc7+ Kg6 0-1


[Site "https://www.chess.com"]

[Event "Titled Tuesday Blitz June 6 Early 2023"]
[White "Naroditsky, Daniel"]
[Black "Maximov, Dmitry"]
[WhiteFideId "2026961"]
[BlackFideId "14105659"]
[WhiteElo "2632"]
[BlackElo "2494"]
[Result "1-0"]
[Round "3"]
[TimeControl "180+2"]
[Date "2023.06.06"]
[WhiteClock "0:00:29"]
[BlackClock "0:00:06"]
[Board "2"]

1. e4 c5 2. Nf3 d6 3. Bb5+ Nd7 4. O-O a6 5. Bd3 g6 6. c3 Bg7 7. Bc2 Ngf6 8. d4 e5 9. dxe5 dxe5 10. a4 O-O 11. Nbd2 b6 12. Nc4 Bb7 13. Qe2 Qc7 14. Rd1 Rad8 15. Bg5 h6 16. Bh4 g5 17. Bg3 Nh5 18. Nd6 Nf4 19. Qe3 Bc6 20. Nf5 Nf6 21. h4 Ng4 22. Qe1 Ne6 23. hxg5 hxg5 24. Bb3 Rfe8 25. Bd5 Bxd5 26. exd5 Nf4 27. d6 Qb7 28. Ne7+ Kf8 29. Bxf4 gxf4 30. Ng5 Rxd6 31. Rxd6 Qxe7 32. Ne4 Qh4 33. Kf1 Qh1+ 34. Ke2 Qxg2 35. Qh1 f3+ 36. Kd2 f5 37. Qxg2 fxg2 38. Ng3 f4 39. Ne4 Ke7 40. Rg6 Rd8+ 41. Ke2 f3+ 42. Kxf3 Rf8+ 43. Kxg4 Rf4+ 44. Kg3 Rxe4 45. Rxg7+ Kf6 46. Rg4 Re2 47. b4 Rc2 48. Kxg2 Rxc3 49. bxc5 bxc5 50. Rb1 Kf5 51. Rg8 Ra3 52. Rf8+ Ke4 53. Re1+ Kd4 54. Rd8+ Kc4 55. Re4+ 1-0


[Site "https://www.chess.com"]

[Event "Titled Tuesday Blitz June 6 Early 2023"]
[White "Gledura, Benjamin"]
[Black "Nepomniachtchi, Ian"]
[WhiteFideId "712779"]
[BlackFideId "4168119"]
[WhiteElo "2537"]
[BlackElo "2781"]
[Result "1-0"]
[Round "3"]
[TimeControl "180+2"]
[Date "2023.06.06"]
[WhiteClock "0:00:43"]
[BlackClock "0:01:03"]
[Board "3"]

1. Nf3 Nf6 2. c4 g6 3. d4 Bg7 4. Nc3 d5 5. cxd5 Nxd5 6. e4 Nxc3 7. bxc3 c5 8. Be3 Qa5 9. Qd2 O-O 10. Rc1 Bg4 11. Bd3 b5 12. h4 Rd8 13. Nh2 Bc8 14. h5 Nc6 15. d5 Ne5 16. hxg6 hxg6 17. Be2 b4 18. cxb4 cxb4 19. f4 Nd7 20. Ng4 Ba6 21. Bxa6 Qxa6 22. Rc6 Qa3 23. Bd4 Rac8 24. Rh3 Qa5 25. Bxg7 Kxg7 26. f5 Rh8 27. Rxc8 Rxh3 28. gxh3 Qa3 29. Qh6# 1-0


[Site "https://www.chess.com"]

[Event "Titled Tuesday Blitz June 6 Early 2023"]
[White "Martinez Alcantara, Jose Eduardo"]
[Black "splendidkid"]
[WhiteFideId "3805662"]
[WhiteElo "2711"]
[BlackElo "2766"]
[Result "1-0"]
[Round "3"]
[TimeControl "180+2"]
[Date "2023.06.06"]
[WhiteClock "0:00:38"]
[BlackClock "0:01:18"]
[Board "4"]

1. e4 c5 2. Nf3 d6 3. c3 Nf6 4. h3 a6 5. Bd3 b5 6. Bc2 Bb7 7. Qe2 e5 8. d4 Nbd7 9. O-O Rc8 10. d5 g6 11. a4 b4 12. Nbd2 a5 13. Bd3 Bg7 14. Bb5 O-O 15. Nc4 Qc7 16. Bg5 h6 17. Bxd7 Qxd7 18. Bxf6 Bxf6 19. Nb6 Qc7 20. Nxc8 Rxc8 21. Nd2 Ra8 22. Nc4 Bg7 23. cxb4 axb4 24. b3 f5 25. a5 Ba6 26. exf5 gxf5 27. Kh1 Rf8 28. f4 e4 29. Ra2 Bd4 30. g4 Qf7 31. gxf5 Qxd5 32. Qh5 Rf6 33. Rg2+ Kf8 34. Rg6 e3+ 35. Kh2 Rxg6 36. Qxg6 e2 37. Re1 Bxc4 38. bxc4 Qf3 39. Qxh6+ Kg8 40. Qe6+ Kh8 41. Qxe2 Qxf4+ 42. Kh1 Be5 43. Qh5+ Kg7 44. Qg4+ Kf6 45. Qxf4 Bxf4 46. a6 d5 47. a7 dxc4 1-0


[Site "https://www.chess.com"]

[Event "Titled Tuesday Blitz June 6 Early 2023"]
[White "Fernandez Guillen, Ernesto J."]
[Black "Duda, Jan-Krzysztof"]
[WhiteFideId "3512428"]
[BlackFideId "1170546"]
[WhiteElo "2434"]
[BlackElo "2783"]
[Result "0-1"]
[Round "3"]
[TimeControl "180+2"]
[Date "2023.06.06"]
[WhiteClock "0:00:08"]
[BlackClock "0:00:07"]
[Board "5"]

1. e4 c5 2. Nf3 e6 3. d4 cxd4 4. Nxd4 Nc6 5. Nc3 Qc7 6. Be3 a6 7. Qd2 Nf6 8. O-O-O b5 9. f3 b4 10. Na4 Rb8 11. g4 h6 12. h4 d5 13. Bf4 Bd6 14. Bxd6 Qxd6 15. Bg2 Nxd4 16. Qxd4 e5 17. Qc5 Qxc5 18. Nxc5 Rb5 19. Nb3 dxe4 20. g5 exf3 21. Bxf3 Nd7 22. Bc6 Rb6 23. Ba4 Ke7 24. Rhe1 f6 25. gxf6+ gxf6 26. Rg1 Rh7 27. Rg8 Nf8 28. Rxf8 Kxf8 29. Rd8+ Kg7 30. Rxc8 f5 31. Nc5 Rg6 32. Rc7+ Kh8 33. Rc8+ Rg8 34. Rc6 Rg1+ 35. Kd2 Rg2+ 36. Kd3 Re7 37. Bb3 e4+ 38. Ke3 Rg3+ 39. Kf2 f4 40. Rc8+ Kh7 41. Be6 e3+ 42. Ke2 Rg2+ 43. Kf3 Rf2+ 44. Kg4 e2 45. Bf5+ Kg7 46. Ne6+ Rxe6 47. Bxe6 e1=Q 48. Kf5 Re2 49. Rc7+ Kf8 50. Rc8+ Ke7 51. Rc7+ Kd6 0-1


[Site "https://www.chess.com"]

[Event "Titled Tuesday Blitz June 6 Early 2023"]
[White "Grischuk, Alexander"]
[Black "Djordjevic, Vuk"]
[WhiteFideId "4126025"]
[BlackFideId "902098"]
[WhiteElo "2721"]
[BlackElo "2463"]
[Result "1-0"]
[Round "3"]
[TimeControl "180+2"]
[Date "2023.06.06"]
[WhiteClock "0:00:14"]
[BlackClock "0:00:03"]
[Board "6"]

1. Nf3 Nf6 2. g3 d5 3. Bg2 e6 4. O-O Be7 5. c4 O-O 6. d3 c6 7. b3 a5 8. Nc3 b6 9. Bb2 Nbd7 10. Qc2 Ba6 11. Rfd1 b5 12. Nb1 Qb6 13. Nbd2 bxc4 14. bxc4 Bc5 15. Rf1 Ng4 16. d4 Be7 17. Rab1 Rfb8 18. e4 Ngf6 19. e5 Ne8 20. Rfc1 Qd8 21. c5 a4 22. Nf1 Bc4 23. Bc3 Nc7 24. Ne3 a3 25. Nxc4 dxc4 26. Bf1 Rxb1 27. Rxb1 Rb8 28. Bxc4 Qc8 29. Rb3 Rxb3 30. Qxb3 Qa8 31. Bb4 Qa7 32. Qxa3 Qb7 33. Qb3 h6 34. Bd2 Qa7 35. a4 Nb8 36. Qb6 Qxb6 37. cxb6 Nd5 38. a5 Bd8 39. Ne1 Be7 40. Nd3 Bd8 41. Nc5 Kf8 42. Kg2 Ke8 43. f4 Ne7 44. Kf3 Nf5 45. Ke4 Ne7 46. g4 g6 47. h3 Nc8 48. f5 exf5+ 49. gxf5 gxf5+ 50. Kxf5 Ne7+ 51. Ke4 h5 52. Bg5 Nc8 53. Bxd8 Kxd8 54. Bxf7 Ne7 55. Bxh5 1-0


[Site "https://www.chess.com"]

[Event "Titled Tuesday Blitz June 6 Early 2023"]
[White "Pakleza, Zbigniew"]
[Black "Paravyan, David"]
[WhiteFideId "1119290"]
[BlackFideId "4194985"]
[WhiteElo "2410"]
[BlackElo "2563"]
[Result "0-1"]
[Round "3"]
[TimeControl "180+2"]
[Date "2023.06.06"]
[WhiteClock "0:00:02"]
[BlackClock "0:00:08"]
[Board "7"]

1. d4 d5 2. Bf4 Nf6 3. e3 e6 4. Nd2 Bd6 5. Bg3 Nbd7 6. Ngf3 Qe7 7. Ne5 h5 8. h3 h4 9. Bh2 Ne4 10. Nxe4 dxe4 11. c3 Bxe5 12. dxe5 Nc5 13. Qd4 Bd7 14. b4 Nd3+ 15. Bxd3 exd3 16. O-O Bc6 17. Qxd3 Rd8 18. Qe2 Qg5 19. f3 b6 20. Kh1 O-O 21. Rad1 Rxd1 22. Rxd1 Rd8 23. Bf4 Qe7 24. Rd4 g5 25. Bxg5 Qxg5 26. Rg4 Qxg4 27. hxg4 a6 28. e4 Bb5 29. c4 Ba4 30. Kh2 Rd4 31. a3 c5 32. Qe3 Rxc4 33. Qg5+ Kf8 34. Qd8+ Kg7 35. Qxb6 cxb4 36. axb4 Bb5 37. Qd6 Rc2 38. Qe7 Bf1 39. Qf6+ Kg8 40. Qg5+ Kf8 41. Qd8+ Kg7 42. Qd1 Rxg2+ 43. Kh1 Be2 44. Qb3 h3 45. Qe3 Kf8 46. Qh6+ Ke8 47. Qe3 Bd1 48. Qd3 Be2 49. Qe3 Bd1 50. Qd4 Bxf3 51. Qb6 Ra2+ 0-1


[Site "https://www.chess.com"]

[Event "Titled Tuesday Blitz June 6 Early 2023"]
[White "Korobov, Anton"]
[Black "Quintiliano Pinto, Renato R."]
[WhiteFideId "14105730"]
[BlackFideId "2117568"]
[WhiteElo "2638"]
[BlackElo "2459"]
[Result "1-0"]
[Round "3"]
[TimeControl "180+2"]
[Date "2023.06.06"]
[WhiteClock "0:00:53"]
[BlackClock "0:00:20"]
[Board "8"]

1. d4 d5 2. c4 c6 3. Nc3 Nf6 4. cxd5 cxd5 5. Bg5 Ne4 6. Nxe4 dxe4 7. a3 Qa5+ 8. Bd2 Qd5 9. e3 e5 10. Rc1 Nc6 11. Bc4 Qd8 12. d5 Ne7 13. Ne2 Nf5 14. Nc3 Nd6 15. Nb5 Nxb5 16. Bxb5+ Bd7 17. Qa4 Bxb5 18. Qxb5+ Qd7 19. Qc4 Rd8 20. Qxe4 Qxd5 21. Qxd5 Rxd5 22. Ke2 Be7 23. Rc8+ Rd8 24. Rhc1 Bd6 25. Bb4 Kd7 26. Rxd8+ Rxd8 27. Bxd6 Kxd6 28. Rd1+ Kc7 29. Rxd8 Kxd8 30. Kd3 Kd7 31. Kc4 Kc6 32. a4 b6 33. g4 f6 34. h4 g6 35. f4 exf4 36. exf4 f5 37. g5 a6 38. Kd4 Kd6 39. b3 Kc6 40. Ke5 Kc5 41. Kf6 Kb4 42. Kg7 Kxb3 43. Kxh7 Kxa4 44. h5 gxh5 45. g6 h4 46. g7 h3 47. g8=Q h2 48. Qa2+ 1-0


[Site "https://www.chess.com"]

[Event "Titled Tuesday Blitz June 6 Early 2023"]
[White "Papasimakopoulos, Alexandros"]
[Black "Andreikin, Dmitry"]
[WhiteFideId "4244125"]
[BlackFideId "4158814"]
[WhiteElo "2359"]
[BlackElo "2736"]
[Result "0-1"]
[Round "3"]
[TimeControl "180+2"]
[Date "2023.06.06"]
[WhiteClock "0:00:08"]
[BlackClock "0:01:58"]
[Board "9"]

1. d4 Nf6 2. c4 e6 3. Nc3 Bb4 4. Qc2 O-O 5. a3 Bxc3+ 6. Qxc3 b6 7. Bg5 Bb7 8. f3 c5 9. dxc5 bxc5 10. e3 h6 11. Bxf6 Qxf6 12. Qxf6 gxf6 13. Ne2 Nc6 14. Nc3 Rab8 15. O-O-O Ne5 16. Be2 Rfd8 17. f4 Nc6 18. Ne4 Kg7 19. Nxc5 Na5 20. Nxb7 Nb3+ 21. Kc2 Rxb7 22. Bf3 Rb6 23. Rd3 Rdb8 24. Rb1 Nc5 25. Rd2 a5 26. g3 Rb3 27. Re2 Na4 28. Kc1 Nc3 29. Rc2 Nxb1 30. Kxb1 Rxe3 31. Be2 Rxa3 32. Rd2 Rab3 33. Ka2 R3b4 34. Bd1 Rxc4 35. Rxd7 Rc1 36. Bb3 Re1 37. Rd2 f5 38. Bc4 Kf6 39. b3 Rc1 40. Re2 a4 41. Rd2 Rc3 42. Rb2 h5 43. Ka3 axb3 44. Bxb3 h4 45. gxh4 Rf3 46. Ka2 Rxf4 0-1


[Site "https://www.chess.com"]

[Event "Titled Tuesday Blitz June 6 Early 2023"]
[White "Hakobyan, Aram"]
[Black "Horvath, Dominik"]
[WhiteFideId "13306677"]
[BlackFideId "1642561"]
[WhiteElo "2584"]
[BlackElo "2407"]
[Result "1-0"]
[Round "3"]
[TimeControl "180+2"]
[Date "2023.06.06"]
[WhiteClock "0:00:07"]
[BlackClock "0:00:20"]
[Board "10"]

1. d4 Nf6 2. c4 e6 3. Nc3 Bb4 4. e3 O-O 5. a3 Bxc3+ 6. bxc3 d6 7. Ne2 e5 8. Ng3 Re8 9. f3 c5 10. Be2 Nc6 11. d5 Na5 12. e4 b6 13. Bd3 Ba6 14. Qe2 Nb3 15. Rb1 Nxc1 16. Rxc1 g6 17. O-O Nd7 18. Qd2 Qh4 19. Ne2 Re7 20. Kh1 Rae8 21. g3 Qf6 22. Rf2 Qg7 23. Rcf1 Nf6 24. g4 h5 25. h3 Kh7 26. Ng3 h4 27. Ne2 Nd7 28. Rg2 g5 29. Qd1 f6 30. Qa4 Nb8 31. Ng1 Rd8 32. f4 exf4 33. e5+ Kh6 34. e6 Bb7 35. Qb3 Na6 36. Nf3 Nc7 37. Bf5 b5 38. a4 a6 39. Kg1 Rb8 40. axb5 axb5 41. Rd2 bxc4 42. Qb6 Nxd5 43. Rxd5 Bxd5 44. Qxb8 Bxe6 45. Qxd6 Bxf5 46. gxf5 g4 47. Qxf4+ Kh5 48. hxg4+ Qxg4+ 49. Qxg4+ Kxg4 50. Kf2 Kxf5 51. Nxh4+ Kg4 52. Nf3 f5 53. Rg1+ Kf4 54. Rh1 Ke4 55. Re1+ Kd3 56. Rxe7 Kxc3 57. Ne5 Kb3 58. Rc7 c3 59. Rxc5 c2 60. Nd3 f4 61. Kf3 1-0


[Site "https://www.chess.com"]

[Event "Titled Tuesday Blitz June 6 Early 2023"]
[White "Pranesh M"]
[Black "Jaracz, Pawel"]
[WhiteFideId "35028600"]
[BlackFideId "1102222"]
[WhiteElo "2437"]
[BlackElo "2454"]
[Result "1-0"]
[Round "3"]
[TimeControl "180+2"]
[Date "2023.06.06"]
[WhiteClock "0:00:12"]
[BlackClock "0:00:02"]
[Board "11"]

1. e4 c6 2. d4 d5 3. e5 Bf5 4. Nc3 e6 5. g4 Bg6 6. Nge2 f6 7. h4 fxe5 8. dxe5 c5 9. f4 Nc6 10. h5 Bf7 11. f5 d4 12. Ne4 Nxe5 13. Nf4 exf5 14. Bb5+ Nc6 15. Bxc6+ bxc6 16. gxf5 Nf6 17. Ng5 Qd6 18. Nge6 Bxe6 19. Nxe6 Qg3+ 20. Kf1 Bd6 21. Qd3 Qxd3+ 22. cxd3 Kd7 23. Nxg7 Nd5 24. Bd2 Rhf8 25. Re1 Rf7 26. h6 Ne7 27. Ke2 Be5 28. Kd1 Bxg7 29. hxg7 Nxf5 30. Rxh7 Rg8 31. Re5 c4 32. dxc4 Rgxg7 33. Rxg7 Nxg7 34. Kc2 Ne6 35. Ra5 Kd6 36. Kd3 c5 37. b4 cxb4 38. Bxb4+ Kc6 39. Ra6+ Kd7 40. Rxa7+ Ke8 41. Ra8+ Kd7 42. Ra7+ Ke8 43. Rxf7 Kxf7 44. Ke4 Ke8 45. Kd5 Kd7 46. a4 d3 47. a5 Nf4+ 48. Ke4 Ne6 49. Kxd3 Kc6 50. Ke4 Nc7 51. Bc3 Ne6 52. Bd4 Ng5+ 53. Kf5 Nf3 54. Be3 Ne1 55. a6 Nc2 56. a7 Kb7 57. Bc5 Ne1 58. Ke4 Ng2 59. Bf2 1-0


[Site "https://www.chess.com"]

[Event "Titled Tuesday Blitz June 6 Early 2023"]
[White "benny_aizenberg"]
[Black "Shevchenko, Kirill"]
[BlackFideId "14129574"]
[WhiteElo "2707"]
[BlackElo "2603"]
[Result "1-0"]
[Round "3"]
[TimeControl "180+2"]
[Date "2023.06.06"]
[WhiteClock "0:00:07"]
[BlackClock "0:00:06"]
[Board "12"]

1. e4 e6 2. d4 d5 3. Nd2 c5 4. exd5 Qxd5 5. Ngf3 cxd4 6. Bc4 Qd7 7. O-O Nc6 8. Nb3 a6 9. Nbxd4 Nxd4 10. Qxd4 Qxd4 11. Nxd4 Bd7 12. c3 Rc8 13. Be2 Bc5 14. Be3 Ne7 15. Bf3 e5 16. Nc2 Bxe3 17. Nxe3 Rc7 18. Rad1 Be6 19. a4 Bb3 20. Ra1 f6 21. a5 Kf7 22. Ra3 Be6 23. Rd1 Rhc8 24. Rd6 f5 25. Bd1 Rc6 26. Rd2 Rc5 27. Kf1 e4 28. g3 g5 29. Ke1 Kf6 30. Bb3 f4 31. Ng2 Ng6 32. Rd4 Bf5 33. Bc2 Ne5 34. Bxe4 Re8 35. Kd1 Bg4+ 36. Kc2 Nf3 37. Rb4 Rxe4 38. Rxe4 Bf5 39. Ra4 Nxh2 40. gxf4 gxf4 41. Nxf4 Re5 42. Kd3 Ng4 43. f3 Bxe4+ 44. fxe4 h5 45. Kd4 Rb5 46. b4 h4 47. Ra1 Kg5 48. Nh3+ Kh5 49. Rf1 Re5 50. Rf7 Re8 51. Rh7+ Kg6 52. Rxh4 Rd8+ 53. Kc4 Ne5+ 54. Kb3 Nf3 55. Rf4 Nd2+ 56. Kc2 Nc4 57. Nf2 Rd2+ 58. Kb3 Ne5 59. Rf5 Nc6 60. Ng4 Kg7 61. Ne5 Nd8 62. Rf3 Re2 63. Rf4 Kg8 64. Rg4+ Kf8 65. Nd7+ Ke7 66. Nc5 Kd6 67. Rg7 Kc6 68. Rg6+ Kc7 69. Kc4 Kc8 70. Kd3 Re1 71. Rg8 Kc7 72. Rg7+ Kc6 73. Rg6+ Kc7 74. Ne6+ Nxe6 75. Rxe6 Rd1+ 76. Kc4 Kd7 77. Re5 Kc6 78. Rc5+ Kd6 79. Rd5+ 1-0


[Site "https://www.chess.com"]

[Event "Titled Tuesday Blitz June 6 Early 2023"]
[White "Tabatabaei, M. Amin"]
[Black "Radzhabov, Rodion"]
[WhiteFideId "12521213"]
[BlackFideId "884715"]
[WhiteElo "2575"]
[BlackElo "2174"]
[Result "1-0"]
[Round "3"]
[TimeControl "180+2"]
[Date "2023.06.06"]
[WhiteClock "0:01:27"]
[BlackClock "0:00:12"]
[Board "13"]

1. Nf3 Nf6 2. b3 g6 3. Bb2 Bg7 4. g3 b6 5. Bg2 Bb7 6. c4 c5 7. d4 cxd4 8. Qxd4 O-O 9. O-O d6 10. Rd1 Nbd7 11. Qh4 h6 12. Nc3 g5 13. Qd4 Ne4 14. Qe3 f5 15. Nd4 f4 16. Qc1 Bxd4 17. Rxd4 Nec5 18. Bxb7 Nxb7 19. gxf4 Qe8 20. fxg5 Qg6 21. Nd5 Rf7 22. Rg4 h5 23. Rg2 Raf8 24. Nf6+ exf6 25. gxf6 Qxg2+ 26. Kxg2 Nxf6 27. f3 Nc5 28. Kh1 Kh7 29. Qc2+ Kh6 30. Rg1 Rg8 31. Bc1+ 1-0


[Site "https://www.chess.com"]

[Event "Titled Tuesday Blitz June 6 Early 2023"]
[White "Samunenkov, Ihor"]
[Black "Henriquez Villagra, Cristobal"]
[WhiteFideId "14187086"]
[BlackFideId "3409350"]
[WhiteElo "2457"]
[BlackElo "2542"]
[Result "0-1"]
[Round "3"]
[TimeControl "180+2"]
[Date "2023.06.06"]
[WhiteClock "0:00:05"]
[BlackClock "0:00:30"]
[Board "14"]

1. d4 d6 2. Nf3 Nf6 3. c4 g6 4. g3 Bg7 5. Bg2 O-O 6. Nc3 Nc6 7. O-O e5 8. dxe5 Nxe5 9. b3 Nxf3+ 10. Bxf3 c6 11. Bb2 Bh3 12. Re1 Re8 13. Qc2 Qa5 14. Rad1 Rad8 15. e4 Bg4 16. Bxg4 Nxg4 17. h3 Nf6 18. Kg2 Re6 19. Re2 Rde8 20. Rde1 Qh5 21. Qd3 Nd7 22. Qe3 f5 23. Qxa7 fxe4 24. Rxe4 Rxe4 25. Rxe4 Rxe4 26. Nxe4 Bxb2 27. Qxb7 Qf5 28. Qxc6 Ne5 29. Qd5+ Nf7 30. Qa8+ Kg7 31. a4 Ba3 32. Qb7 Kh6 33. a5 Ne5 34. Nxd6 Bxd6 35. a6 Bc5 36. f4 Qc2+ 37. Kh1 Qd1+ 38. Kg2 Qg1# 0-1


[Site "https://www.chess.com"]

[Event "Titled Tuesday Blitz June 6 Early 2023"]
[White "Sjugirov, Sanan"]
[Black "Amilal Munkhdalai"]
[WhiteFideId "4189302"]
[BlackFideId "4903250"]
[WhiteElo "2569"]
[BlackElo "2293"]
[Result "1-0"]
[Round "3"]
[TimeControl "180+2"]
[Date "2023.06.06"]
[WhiteClock "0:00:02"]
[BlackClock "0:00:01"]
[Board "15"]

1. e4 c5 2. Nf3 Nc6 3. Bb5 e6 4. O-O Nge7 5. b3 Nd4 6. Nxd4 cxd4 7. c3 a6 8. Bd3 dxc3 9. dxc3 d5 10. e5 Nc6 11. Qe2 Qc7 12. Re1 b6 13. Nd2 Bb7 14. Nf3 Be7 15. Bd2 h6 16. Rac1 b5 17. h3 Rd8 18. Bb1 Qb6 19. Rcd1 Bc5 20. b4 Be7 21. a3 Qc7 22. Bd3 O-O 23. Bb1 d4 24. Qe4 g6 25. Qf4 dxc3 26. Bxc3 Rxd1 27. Rxd1 Rd8 28. Rc1 Bf8 29. h4 Ne7 30. Bd2 Qd7 31. Be1 h5 32. Ng5 Nd5 33. Qg3 Bg7 34. Ne4 Rc8 35. Rd1 Qc7 36. Nc5 Bxe5 37. Qh3 Bg7 38. Bd2 Rd8 39. Bg5 Rd6 40. Qg3 Rc6 41. Qh3 Bc8 42. Be4 Rd6 43. Qg3 Qc6 44. Bf4 Nxf4 45. Bxc6 Rxd1+ 46. Kh2 Be5 47. Qg5 Nd3+ 48. g3 Nxc5 49. Qxe5 Nd3 50. Qf6 Ne1 51. Be8 1-0


[Site "https://www.chess.com"]

[Event "Titled Tuesday Blitz June 6 Early 2023"]
[White "Itgelt, Khuyagtsogt"]
[Black "Lenderman, Aleksandr"]
[WhiteFideId "4902912"]
[BlackFideId "2021285"]
[WhiteElo "2227"]
[BlackElo "2607"]
[Result "1/2-1/2"]
[Round "3"]
[TimeControl "180+2"]
[Date "2023.06.06"]
[WhiteClock "0:00:10"]
[BlackClock "0:00:12"]
[Board "16"]

1. d4 e6 2. c4 b6 3. Nf3 Bb7 4. g3 Bb4+ 5. Bd2 Bxf3 6. exf3 Bxd2+ 7. Qxd2 Nf6 8. f4 d5 9. Bg2 O-O 10. O-O Nc6 11. Rd1 Ne7 12. b3 Qd7 13. Nc3 Rad8 14. Rac1 c6 15. h3 Nf5 16. Ne2 Nd6 17. Qe3 Qb7 18. Bf3 Rd7 19. g4 Rfd8 20. Ng3 Qb8 21. Kg2 Re8 22. a4 a5 23. Rd2 Rb7 24. Rdd1 Rc8 25. h4 Re7 26. h5 dxc4 27. bxc4 c5 28. g5 cxd4 29. Qxd4 Nfe8 30. h6 Rec7 31. hxg7 Rxc4 32. Rxc4 Rxc4 33. Qe5 Rc5 34. Qd4 Rc4 35. Qe5 Rc5 36. Qd4 Nf5 37. Nxf5 Rxf5 38. Be4 Qxf4 39. Bxf5 Qxf5 40. Kf1 Qh3+ 41. Ke1 Qh1+ 42. Ke2 Qh5+ 43. Ke1 Qh1+ 44. Kd2 Qc6 45. Ke3 Nxg7 46. Qd8+ Ne8 47. Rd7 Qc3+ 48. Kf4 Qc1+ 49. Kg4 Qg1+ 50. Kf3 Qh1+ 51. Ke2 Qe4+ 52. Kd2 Qf4+ 53. Kc3 Qc1+ 54. Kd3 Qd1+ 55. Ke3 Qe1+ 56. Kf3 Qh1+ 57. Kg3 Qg1+ 58. Kf3 Qh1+ 1/2-1/2


[Site "https://www.chess.com"]

[Event "Titled Tuesday Blitz June 6 Early 2023"]
[White "Bjerre, Jonas Buhl"]
[Black "Fus, Jakub"]
[WhiteFideId "1444948"]
[BlackFideId "1193023"]
[WhiteElo "2525"]
[BlackElo "2335"]
[Result "1-0"]
[Round "3"]
[TimeControl "180+2"]
[Date "2023.06.06"]
[WhiteClock "0:00:16"]
[BlackClock "0:00:02"]
[Board "17"]

1. d4 e6 2. Nf3 Nf6 3. c4 d5 4. g3 Bb4+ 5. Bd2 Be7 6. Bg2 c6 7. O-O Nbd7 8. Bc3 O-O 9. Nbd2 b6 10. b4 Bb7 11. Qb3 Rb8 12. e3 c5 13. dxc5 bxc5 14. b5 Nb6 15. Ne5 Nfd7 16. Rfd1 Bf6 17. Nxd7 Nxd7 18. a4 d4 19. exd4 cxd4 20. Bb4 Be7 21. Bxb7 Rxb7 22. Ne4 Bxb4 23. Qxb4 Ne5 24. Nd6 Rd7 25. c5 Qa8 26. c6 Rc7 27. f4 Nxc6 28. bxc6 Qxc6 29. Rxd4 Qf3 30. Qd2 g6 31. Rd3 Qc6 32. Qg2 Qa6 33. Nb5 Rc5 34. Rdd1 Rfc8 35. Qe4 Rc4 36. Rd4 Rc2 37. Rad1 Qa5 38. Qe3 Rb2 39. Nd6 Rb4 40. Nxc8 1-0


[Site "https://www.chess.com"]

[Event "Titled Tuesday Blitz June 6 Early 2023"]
[White "Ibarra Jerez, Jose Carlos"]
[Black "Begmuratov, Alisher"]
[WhiteFideId "2226332"]
[BlackFideId "14203367"]
[WhiteElo "2631"]
[BlackElo "2387"]
[Result "1-0"]
[Round "3"]
[TimeControl "180+2"]
[Date "2023.06.06"]
[WhiteClock "0:00:30"]
[BlackClock "0:00:05"]
[Board "18"]

1. e4 e5 2. Nf3 Nc6 3. Nc3 Nf6 4. h3 d6 5. d4 exd4 6. Nxd4 Be7 7. g4 O-O 8. Nde2 Be6 9. Bg2 Bc4 10. O-O Nd7 11. Re1 Nc5 12. Ng3 Bg5 13. f4 Bh4 14. Kh2 Bxg3+ 15. Kxg3 Re8 16. b3 Ba6 17. Bb2 Ne6 18. Qd2 g5 19. fxg5 Nxg5 20. Nd5 Ne5 21. h4 c6 22. Nf4 Ne6 23. Nh5 Ng7 24. Nxg7 Kxg7 25. Rad1 Re6 26. g5 Qc7 27. Bh3 Re7 28. Qxd6 Qxd6 29. Rxd6 Rae8 30. h5 Kg8 31. Bf5 c5 32. Kf4 b6 33. Red1 Bb7 34. Rd8 Nc6 35. Rxe8+ Rxe8 36. g6 hxg6 37. hxg6 fxg6 38. Bxg6 Rf8+ 39. Kg5 Ne7 40. Rd7 1-0


[Site "https://www.chess.com"]